 Dungeon Crawl Stone Soup version 0.29.0-4-gdea44cf6ec (webtiles) character file.

Game seed: 10292907382406376617

1982 qw the Cleaver (level 9, -6/52 HPs)
             Began as a Tengu Warper on Aug 28, 2022.
             Mangled by a slime creature (8 damage)
             ... on level 6 of the Dungeon.
             The game lasted 00:00:52 (6981 turns).

qw the Cleaver (Tengu Warper)                       Turns: 6981, Time: 00:00:53

Health: -6/52      AC: 17    Str: 18    XL:     9   Next: 20%
Magic:  13/13      EV:  5    Int: 14    God:
Gold:   88         SH: 12    Dex: 14    Spells: 12/12 levels left

rFire   + . .      SeeInvis +   Y - +1 war axe
rCold   + + .      Faith    .   b - +2 kite shield of Crawling {rPois rN++ Str+3 Stlth-}
rNeg    + + .      Spirit   .   k - +2 plate armour {Will+}
rPois   +          Reflect  .   (helmet restricted)
rElec   .          Harm     .   n - scarf {rC+ rF+}
rCorr   .          Rampage  .   m - +2 pair of gloves
Will    +....                   (boots unavailable)
Stlth   ..........              (no amulet)
HPRegen 0.17/turn               j - ring of protection from cold
MPRegen 0.13/turn               h - ring of see invisible

@: flying quickly and evasively, quick
A: beak, talons 3, nimble flight
a: no special abilities


You were on level 6 of the Dungeon.
You visited 1 branch of the dungeon, and saw 6 of its levels.
You also visited: Sewer.

You collected 264 gold pieces.
You spent 176 gold pieces at shops.


Innate Abilities, Weirdness & Mutations

You have a beak for a mouth.
You have claws for feet.
Your magical nature lets you fly swiftly and evasively.


   Skills:
 - Level 4.0 Fighting
 + Level 9.5 Axes
 - Level 1.0 Throwing
 - Level 4.1 Armour
 - Level 2.1 Dodging
 - Level 6.2 Shields
 - Level 2.0 Spellcasting
 - Level 2.4 Translocations


You had 12 spell levels left.
You didn't know any spells.
Your spell library contained the following spells:

 Spells                   Type           Power      Damage    Failure   Level
 Blink                    Tloc           16%        N/A       100%        2
 Gell's Gravitas          Tloc           8%         N/A       100%        3
 Lesser Beckoning         Tloc           8%         N/A       100%        3
 Teleport Other           Tloc           8%         N/A       100%        3
 Manifold Assault         Tloc           8%         N/A       100%        5

Inventory:

Hand Weapons
 e - a +0 flail
 Y - a +1 war axe (weapon)
Missiles
 g - 2 boomerangs (quivered)
Armour
 b - the +2 kite shield of Crawling (worn) {rPois rN++ Str+3 Stlth-}
   (You acquired it on level 4 of the Dungeon)

   Str:       It affects your strength (+3).
   rPois:     It protects you from poison.
   rN:        It greatly protects you from negative energy.
   Stlth:     It makes you less stealthy.
 k - a +2 plate armour of willpower (worn)
 m - a +2 pair of gloves (worn)
 n - a scarf of resistance (worn)
Jewellery
 h - a ring of see invisible (right hand)
 j - a ring of protection from cold (left hand)
Scrolls
 l - a scroll of identify
Potions
 a - 4 potions of curing
 c - a potion of haste
 d - a potion of might

Dungeon Overview and Level Annotations

Branches:
Dungeon (6/15)              Sewer (visited)
 Temple: D:4-7

Altars:
Cheibriados
Elyvilon
Fedhas
Ru

Shops:
D:2 !   D:4 *

Annotations:
D:4 2 runed translucent doors


Message History

You block the jelly's attack.
The endoplasm hits you but does no damage.
The large slime creature hits you!
You slash the jelly!
You kill the jelly!
You hit the large slime creature. You slash the endoplasm!
You kill the endoplasm!
The large slime creature hits you but does no damage.
You hit the large slime creature.
You claw the large slime creature, but do no damage.
The large slime creature is heavily wounded.
You hit the endoplasm. The endoplasm hits you.
You block the large slime creature's attack.
You hit the endoplasm.
You kill the endoplasm!
You slash the large slime creature!
A large slime creature splits.
You hit the slime creature but do no damage.
Your peck misses the slime creature.
The slime creature is heavily wounded.
You slash the slime creature!
The slime creature hits you but does no damage.
You block the slime creature's attack. The endoplasm freezes you.
You are frozen.
You resist.
The slime creature hits you but does no damage.
You hit the slime creature.
The slime creature is severely wounded.
You hit the endoplasm. You hit the slime creature. The slime creature hits you.
You block the endoplasm's attack. The slime creature hits you!
You barely miss the slime creature. You claw the slime creature.
You peck the slime creature.
The slime creature is severely wounded.
You hit the endoplasm. You hit the slime creature.
The slime creature barely misses you.
The endoplasm hits you but does no damage.
The slime creature hits you!
You die...

#####.###.....##.?
##############..........
[....P%..# #...........
.........# #...........
...P.%...# #........?..
%........# #.....(.....
...%.....# #...........
....%.JJJ# #...........
#######@# ##....(.)...
##).....## ##......#..
#.######## ######.###
##..'....# #)# # ####....####
#.# #
#.).....##.#########.###
#.......##.............. ..#
#.......######.........#
#.####.[....[##.....###......


You could see 2 slime creatures and an endoplasm.

Vanquished Creatures
  An ogre (D:5)
  5 kobold brigands (D:6)
  3 phantoms
  2 bullfrogs (Sewer)
  A necrophage (D:6)
  2 scorpions (D:4)
  3 wights (D:6)
  5 jellies
  2 orc priests
  A hound (D:5)
  A gnoll bouda (D:5)
  3 iguanas
  6 orc wizards
  Natasha (twice) (D:3)
  7 gnolls
  11 adders
  A worm (D:3)
  3 dart slugs
  16 orcs
  13 endoplasms
  17 giant cockroaches
  6 goblins
  7 hobgoblins
  6 jackals
  10 quokkas
  15 ball pythons
  5 bats
  7 frilled lizards
  8 kobolds
  2 rats (D:1)
171 creatures vanquished.

Vanquished Creatures (others)
  3 fungi (D:6)
  A plant (D:1)
  9 toadstools (D:6)
13 creatures vanquished.

Grand Total: 184 creatures vanquished

Notes
Turn   | Place    | Note
-------+----------+-------------------------------------------
     0 | D:1      | qw the Tengu Warper began the quest for the Orb.
     0 | D:1      | Reached XP level 1. HP: 12/12 MP: 4/4
     0 | D:1      | 0 ||| qw: Version: 0.1-a-89-g26bdef1
     0 | D:1      | 0 ||| qw: Game counter: 2986
     0 | D:1      | 0 ||| qw: Always use a shield: true
     0 | D:1      | 0 ||| qw: God list: Okawaru
     0 | D:1      | 0 ||| qw: Allow faded altars: false
     0 | D:1      | 0 ||| qw: Do Orc after D:15 true
     0 | D:1      | 0 ||| qw: Do second Lair branch before Depths: true
     0 | D:1      | 0 ||| qw: Lair rune preference: random
     0 | D:1      | 0 ||| qw: Plans: Normal
     0 | D:1      | 0 ||| PLANNING D:1-11
    66 | D:1      | 66 ||| Stepping ~*~*~tactically~*~*~ (stealth).
    82 | D:1      | Reached skill level 3 in Axes
    82 | D:1      | Reached XP level 2. HP: 13/17 MP: 6/6
   173 | D:1      | Found a faded altar of an unknown god.
   426 | D:1      | HP: 3/17 [kobold/+0 short sword (2)]
   820 | D:1      | 820 ||| Stepping ~*~*~tactically~*~*~ (stealth).
   822 | D:1      | 822 ||| Stepping ~*~*~tactically~*~*~ (stealth).
   926 | D:1      | 926 ||| Stepping ~*~*~tactically~*~*~ (stealth).
   975 | D:1      | Reached XP level 3. HP: 21/21 MP: 7/7
  1374 | D:1      | 1374 ||| UPGRADING to +0 pair of gloves.
  1402 | D:1      | 1402 ||| READING 2 scrolls labelled IZIUD WOSASH.
  1403 | D:1      | 1403 ||| READING scroll labelled SYEGHIMISCHE.
  1408 | D:1      | 1408 ||| READING 6 scrolls labelled YMILYR JEBREG.
  1419 | D:1      | 1419 ||| READING scroll labelled SUQOBOXYBE.
  1425 | D:1      | 1425 ||| READING scroll labelled SEAVIT BE CYF.
  1438 | D:1      | 1438 ||| READING 2 scrolls labelled IDOOVU EMOI.
  1439 | D:1      | 1439 ||| DRINKING 3 green potions.
  1460 | D:1      | 1460 ||| DROPPING scroll of butterflies.
  1461 | D:1      | 1461 ||| DROPPING scroll of blinking.
  1477 | D:1      | 1477 ||| DROPPING 5 scrolls of summoning.
  1478 | D:1      | 1478 ||| DROPPING 2 potions of degeneration.
  1495 | D:2      | Found Poesa's Distillery.
  1497 | D:2      | 1497 ||| Stepping ~*~*~tactically~*~*~ (stealth).
  1498 | D:2      | 1498 ||| Stepping ~*~*~tactically~*~*~ (stealth).
  1512 | D:2      | Reached skill level 4 in Axes
  1576 | D:2      | 1576 ||| BUYING potion of curing (36 gold).
  1576 | D:2      | Bought a potion of curing for 36 gold pieces
  1576 | D:2      | 1576 ||| SHOPLISTING potion of curing (36 gold, have 20).
  1576 | D:2      | 1576 ||| SHOPLISTING potion of might (48 gold, have 20).
  1576 | D:2      | 1576 ||| SHOPLISTING potion of resistance (120 gold, have
                  | 20).
  1582 | D:2      | 1582 ||| Stepping ~*~*~tactically~*~*~ (stealth).
  1589 | D:2      | 1589 ||| Stepping ~*~*~tactically~*~*~ (stealth).
  1591 | D:2      | 1591 ||| Stepping ~*~*~tactically~*~*~ (stealth).
  1603 | D:2      | 1603 ||| FLEEEEING.
  1604 | D:2      | 1604 ||| FLEEEEING.
  1605 | D:2      | 1605 ||| FLEEEEING.
  1606 | D:2      | 1606 ||| STAIRDANCE
  1639 | D:2      | 1639 ||| STAIRDANCE
  2045 | D:2      | 2045 ||| UPGRADING to +0 ring mail.
  2055 | D:2      | 2055 ||| DROPPING +0 leather armour.
  2056 | D:2      | 2056 ||| DROPPING amulet of magic regeneration.
  2057 | D:2      | 2057 ||| READING 2 scrolls labelled GATOET KUHEOWN.
  2058 | D:2      | 2058 ||| READING scroll of enchant armour.
  2058 | D:2      | 2058 ||| ENCHANTING +0 pair of gloves.
  2063 | D:3      | 2063 ||| PLANNING SEWER
  2074 | D:3      | HP: 4/21 [something/puff of flame (6)]
  2075 | D:3      | Reached XP level 4. HP: 6/26 MP: 8/8
  2075 | D:3      | 2075 ||| READING 3 scrolls of teleportation.
  2121 | D:3      | 2121 ||| READING 2 scrolls of teleportation.
  2122 | D:3      | HP: 3/26 [goblin/sling bullet (3)]
  2123 | D:3      | Found a glowing drain.
  2182 | D:3      | 2182 ||| Invisible monster not found???
  2278 | D:3      | 2278 ||| Stepping ~*~*~tactically~*~*~ (stealth).
  2294 | D:3      | 2294 ||| Stepping ~*~*~tactically~*~*~ (stealth).
  2317 | D:3      | 2317 ||| Stepping ~*~*~tactically~*~*~ (stealth).
  2321 | D:3      | Reached skill level 5 in Axes
  2332 | D:3      | 2332 ||| Stepping ~*~*~tactically~*~*~ (stealth).
  2333 | D:3      | 2333 ||| Stepping ~*~*~tactically~*~*~ (stealth).
  2334 | D:3      | 2334 ||| Stepping ~*~*~tactically~*~*~ (stealth).
  2356 | D:3      | 2356 ||| Stepping ~*~*~tactically~*~*~ (stealth).
  2357 | D:3      | 2357 ||| Stepping ~*~*~tactically~*~*~ (stealth).
  2372 | D:3      | 2372 ||| Stepping ~*~*~tactically~*~*~ (stealth).
  2373 | D:3      | 2373 ||| Stepping ~*~*~tactically~*~*~ (stealth).
  2378 | D:3      | 2378 ||| Stepping ~*~*~tactically~*~*~ (stealth).
  2379 | D:3      | 2379 ||| Stepping ~*~*~tactically~*~*~ (stealth).
  2380 | D:3      | 2380 ||| Stepping ~*~*~tactically~*~*~ (stealth).
  2383 | D:3      | 2383 ||| Stepping ~*~*~tactically~*~*~ (stealth).
  2426 | D:3      | 2426 ||| Stepping ~*~*~tactically~*~*~ (stealth).
  2427 | D:3      | 2427 ||| Stepping ~*~*~tactically~*~*~ (stealth).
  2430 | D:3      | 2430 ||| Stepping ~*~*~tactically~*~*~ (stealth).
  2431 | D:3      | 2431 ||| Stepping ~*~*~tactically~*~*~ (stealth).
  2433 | D:3      | 2433 ||| Stepping ~*~*~tactically~*~*~ (hiding).
  2610 | Sewer    | Entered a sewer
  2691 | Sewer    | 2691 ||| Stepping ~*~*~tactically~*~*~ (water).
  2738 | Sewer    | Gained mutation: Your magical nature lets you fly swiftly
                  | and evasively. [Tengu growth]
  2738 | Sewer    | Reached XP level 5. HP: 28/30 MP: 9/9
  2981 | Sewer    | Reached skill level 6 in Axes
  3057 | Sewer    | 3057 ||| Stepping ~*~*~tactically~*~*~ (stealth).
  3059 | Sewer    | 3059 ||| Stepping ~*~*~tactically~*~*~ (stealth).
  3070 | Sewer    | HP: 5/30 [bullfrog (5)]
  3071 | Sewer    | 3071 ||| READING scroll of teleportation.
  3404 | Sewer    | 3404 ||| Stepping ~*~*~tactically~*~*~ (stealth).
  3405 | Sewer    | 3405 ||| Stepping ~*~*~tactically~*~*~ (stealth).
  3415 | Sewer    | Reached XP level 6. HP: 27/35 MP: 10/10
  3513 | Sewer    | 3513 ||| Stepping ~*~*~tactically~*~*~ (stealth).
  3523 | Sewer    | 3523 ||| Stepping ~*~*~tactically~*~*~ (stealth).
  3539 | Sewer    | Reached skill level 7 in Axes
  3590 | Sewer    | 3590 ||| SWAPPING to +0 war axe.
  3591 | Sewer    | 3591 ||| DROPPING +1 hand axe.
  3598 | Sewer    | 3598 ||| UPGRADING to +2 plate armour of willpower.
  3608 | Sewer    | 3608 ||| DROPPING +0 ring mail.
  3609 | Sewer    | 3609 ||| UPGRADING to ring of protection from cold.
  3610 | Sewer    | 3610 ||| READING scroll labelled HINLAXU GEVO.
  3624 | D:3      | 3624 ||| PLANNING D:1-11
  3707 | D:3      | Found a sacrificial altar of Ru.
  3707 | D:3      | Found a white marble altar of Elyvilon.
  3830 | D:3      | 3830 ||| Stepping ~*~*~tactically~*~*~ (stealth).
  3883 | D:3      | Noticed Natasha
  3886 | D:3      | Killed Natasha
  3893 | D:3      | Noticed Natasha
  3900 | D:3      | Killed Natasha
  3904 | D:3      | 3904 ||| DROPPING +0 club.
  3913 | D:3      | Reached skill level 3 in Armour
  3913 | D:3      | Reached XP level 7. HP: 40/40 MP: 11/11
  4007 | D:3      | 4007 ||| Stepping ~*~*~tactically~*~*~ (stealth).
  4144 | D:3      | 4144 ||| DRINKING 2 puce potions.
  4145 | D:3      | 4145 ||| READING 2 scrolls of identify.
  4145 | D:3      | 4145 ||| IDENTIFYING emerald potion
  4146 | D:3      | 4146 ||| DROPPING potion of magic.
  4211 | D:4      | Reached skill level 3 in Fighting
  4349 | D:4      | Found Vemam's Assorted Antiques.
  4440 | D:4      | 4440 ||| READING scroll of enchant armour.
  4440 | D:4      | 4440 ||| ENCHANTING +1 pair of gloves.
  4574 | D:4      | 4574 ||| BUYING potion of curing (84 gold).
  4574 | D:4      | Bought a potion of curing for 84 gold pieces
  4574 | D:4      | 4574 ||| SHOPLISTING potion of heal wounds (140 gold, have
                  | 64).
  4574 | D:4      | 4574 ||| BUYING scroll labelled CYIMOU XADWIK (28 gold).
  4574 | D:4      | Bought a scroll labelled CYIMOU XADWIK for 28 gold pieces
  4574 | D:4      | 4574 ||| BUYING scroll labelled CYIMOU XADWIK (28 gold).
  4574 | D:4      | Bought a scroll labelled CYIMOU XADWIK for 28 gold pieces
  4574 | D:4      | 4574 ||| SHOPLISTING scroll of identify (56 gold, have 8).
  4574 | D:4      | 4574 ||| SHOPLISTING twisted jasper amulet (140 gold, have
                  | 8).
  4611 | D:4      | 4611 ||| Stepping ~*~*~tactically~*~*~ (hiding).
  4614 | D:4      | 4614 ||| Stepping ~*~*~tactically~*~*~ (hiding).
  4627 | D:4      | Reached skill level 8 in Axes
  4723 | D:4      | Found a snail-covered altar of Cheibriados.
  4837 | D:4      | 4837 ||| READING scroll labelled HES ITAIWKATZ.
  4837 | D:4      | Identified a scroll of acquirement
  4837 | D:4      | 4837 ||| ACQUIRING +2 kite shield of Crawling {rPois rN++
                  | Str+3 Stlth-}
  4837 | D:4      | Acquired the +2 kite shield of Crawling {rPois rN++ Str+3
                  | Stlth-}
  4844 | D:4      | 4844 ||| UPGRADING to +2 kite shield of Crawling {rPois
                  | rN++ Str+3 Stlth-}.
  4922 | D:4      | Found a large runed translucent door.
  4923 | D:4      | Found a large runed translucent door.
  5054 | D:4      | 5054 ||| READING 2 scrolls labelled CYIMOU XADWIK.
  5055 | D:4      | 5055 ||| READING scroll labelled QEIDDA MAEH.
  5056 | D:4      | 5056 ||| READING 3 scrolls of identify.
  5056 | D:4      | 5056 ||| IDENTIFYING viscous orange potion
  5057 | D:4      | 5057 ||| READING 2 scrolls of identify.
  5057 | D:4      | 5057 ||| IDENTIFYING fuming purple potion
  5058 | D:4      | 5058 ||| DROPPING scroll of poison.
  5059 | D:4      | 5059 ||| DROPPING potion of ambrosia.
  5069 | D:5      | Entered Level 5 of the Dungeon
  5078 | D:5      | Reached skill level 1 in Shields
  5080 | D:5      | Reached XP level 8. HP: 42/46 MP: 12/12
  5081 | D:5      | 5081 ||| Stepping ~*~*~tactically~*~*~ (stealth).
  5133 | D:5      | 5133 ||| READING scroll of enchant weapon.
  5133 | D:5      | 5133 ||| ENCHANTING +0 war axe.
  5490 | D:5      | Reached skill level 3 in Shields
  5840 | D:5      | Found a blossoming altar of Fedhas.
  6070 | D:5      | 6070 ||| UPGRADING to scarf of resistance.
  6075 | D:5      | 6075 ||| UPGRADING to ring of see invisible.
  6076 | D:5      | 6076 ||| READING 3 scrolls of identify.
  6076 | D:5      | 6076 ||| IDENTIFYING murky brown potion
  6077 | D:5      | 6077 ||| READING 2 scrolls of identify.
  6077 | D:5      | 6077 ||| IDENTIFYING fuming grey potion
  6078 | D:5      | 6078 ||| DROPPING potion of lignification.
  6079 | D:5      | 6079 ||| DROPPING potion of attraction.
  6135 | D:6      | Reached skill level 9 in Axes
  6439 | D:6      | 6439 ||| Stepping ~*~*~tactically~*~*~ (stealth).
  6440 | D:6      | 6440 ||| Stepping ~*~*~tactically~*~*~ (stealth).
  6457 | D:6      | Reached XP level 9. HP: 34/52 MP: 13/13
  6577 | D:6      | Reached skill level 6 in Shields
  6722 | D:6      | 6722 ||| Stepping ~*~*~tactically~*~*~ (hiding).
  6974 | D:6      | HP: 13/52 [jelly (2)]
  6974 | D:6      | HP: 4/52 [acid (9)]
  6975 | D:6      | 6975 ||| DRINKING potion of heal wounds.
  6980 | D:6      | HP: 10/52 [slime creature (2)]
  6980 | D:6      | HP: 2/52 [slime creature (8)]
  6981 | D:6      | Mangled by a slime creature

Levels and vault maps discovered:
D:1:      minmay_arrival_shoal_huts, layout_loops_ring,
          dreamdust_ecumenical_altar_grove, minmay_liquid_box
D:2:      layout_rooms, serial_shops, nicolae_shop_stone
D:3:      layout_basic, mainiacjoe_overflow_divided_tiny, gup_sewer_entry_glass,
          serial_park_tiny_1, uniq_natasha
D:4:      layout_basic, jmf_multi_god_temple2, kennysheep_slug_shrine,
          serial_shops, nicolae_shop_hallway_plus, kennysheep_generic_room_6
D:5:      layout_basic, fedhas_altar_4
D:6:      cheibrodos_fertilizer, layout_rooms, nicolae_uskayaw_en_pointe,
          uniq_blork_the_orc

Skill      XL: |  1  2  3  4  5  6  7  8  9 |
---------------+----------------------------+-----
Axes           | 3 4 5 6 7 8 9 |  9.5
Armour         | 3 4 |  4.1
Fighting       | 3 4 |  4.0
Shields        | 1 5 6 |  6.2
Throwing       | |  1.0
Dodging        | |  2.1
Spellcasting   | |  2.0
Translocations | |  2.4

Action                   |  1- 3 |  4- 6 |  7- 9 || total
-------------------------+-------+-------+-------++-------
Melee: Hand axe          |   117 |   128 |       ||   245
       Peck              |    15 |    30 |    44 ||    89
       Kick              |    19 |    29 |    57 ||   105
       Punch             |     2 |     1 |     2 ||     5
       War axe           |       |    27 |   217 ||   244
Throw: Boomerang         |     7 |     2 |    13 ||    22
  Use: Scroll            |     8 |     4 |    10 ||    22
       Potion            |     1 |       |     2 ||     3
Armor: Leather armour    |    30 |       |       ||    30
       Ring mail         |     6 |    35 |       ||    41
       Plate armour      |       |    16 |   141 ||   157
Dodge: Dodged            |    67 |    85 |    40 ||   192
Block: Kite shield       |       |       |    82 ||    82

Table legend:
 A = Non-vault XP
 B = Vault XP
 C = Vault XP percentage of total XP
 D = Non-vault monster count
 E = Vault monster count
 F = Vault count percentage of total count
                 A         B        C        D         E       F
            +---------+---------+-------+---------+---------+-------
      Total |    1733 |    1099 |  38.8 |     111 |      60 |  35.1
            +---------+---------+-------+---------+---------+-------
        D:1 |      43 |       0 |   0.0 |      25 |       0 |   0.0
        D:2 |      15 |       0 |   0.0 |      10 |       0 |   0.0
        D:3 |     210 |      47 |  18.3 |      21 |       3 |  12.5
        D:4 |     381 |      92 |  19.5 |      20 |       2 |   9.1
        D:5 |     485 |       0 |   0.0 |      19 |       0 |   0.0
        D:6 |     599 |     630 |  51.3 |      16 |      13 |  44.8
      Sewer |       0 |     330 | 100.0 |       0 |      42 | 100.0
            +---------+---------+-------+---------+---------+-------
